 Dungeon Crawl Stone Soup version 0.23.0-3-gf3c87f2 (webtiles) character file.

Game seed: 6965946987611861887

1115 Curus the Basher (level 8, 0/62 HPs)
             Began as a Minotaur Gladiator on Feb 22, 2019.
             Was a Follower of Makhleb.
             Succumbed to a hornet's poison
             ... on level 6 of the Dungeon.
             The game lasted 00:19:05 (4237 turns).

Curus the Basher (Minotaur Gladiator)               Turns: 4237, Time: 00:19:06

Health: 0/62       AC:  3    Str: 21    XL:     8   Next: 12%
Magic:  4/7        EV: 13    Int:  7    God:    Makhleb [*.....]
Gold:   165        SH:  0    Dex: 14    Spells: 7/7 levels left

rFire    . . .     SeeInvis +   a - +0 flail
rCold    . . .     Gourm    .   (no shield)
rNeg     . . .     Faith    .   b - +0 leather armour
rPois    +         Spirit   .   c - +0 hat
rElec    .         Reflect  .   (no cloak)
rCorr    .         Harm     .   (no gloves)
MR       .....                  (no boots)
Stlth    ..........             m - amulet of regeneration
HPRegen  0.60/turn              h - ring of poison resistance
MPRegen  0.10/turn              t - ring of Bogaexkaewi {Str+2 Stlth-}

@: lethally poisoned (0 -> -1), berserk cooldown, slowed, very slow
A: retaliatory headbutt, horns 2, see invisible, clever 1, MP-powered wands
a: Renounce Religion


You were on level 6 of the Dungeon.
You worshipped Makhleb.
Makhleb was aware of your devotion.
You were not hungry.

You visited 1 branch of the dungeon, and saw 6 of its levels.

You collected 228 gold pieces.
You spent 63 gold pieces at shops.

Inventory:

Hand Weapons
 a - a +0 flail (weapon)
Missiles
 d - 2 throwing nets (quivered)
Armour
 b - a +0 leather armour (worn)
 c - a +0 hat (worn)
Jewellery
 h - a ring of poison resistance (left hand)
 j - an uncursed ring of protection from magic
 k - an uncursed ring of magical power
 m - an amulet of regeneration (around neck)
 p - a cursed amulet of inaccuracy
 t - the ring of Bogaexkaewi (right hand) {Str+2 Stlth-}
   (You found it on level 5 of the Dungeon)

   [ring of attention]

   It affects your strength (+2).
   It makes you less stealthy.
 w - a cursed amulet of guardian spirit
 x - a cursed ring of attention
Wands
 n - a wand of clouds (10)
 u - a wand of random effects (27)
 v - a wand of digging (7)
Scrolls
 i - 3 scrolls of identify
 o - 2 scrolls of remove curse
 q - a scroll of teleportation
 y - a scroll of noise
Potions
 e - a potion of cancellation
 g - a potion of berserk rage
 l - 3 potions of heal wounds
 s - a potion of curing
Comestibles
 f - 12 rations
 r - a chunk of flesh


   Skills:
 - Level 2.4 Fighting
 + Level 11.7 Maces & Flails
 - Level 2.0 Throwing
 - Level 3.2 Dodging


You had 7 spell levels left.
You didn't know any spells.
Your spell library was empty.

Dungeon Overview and Level Annotations

Branches:
Dungeon (6/15)             Temple (0/1) D:4

Altars:
Hepliaklqana
Makhleb
Vehumet
Zin

Shops:
D:5 =


Innate Abilities, Weirdness & Mutations

You reflexively headbutt those who attack you in melee.
You have a pair of horns on your head.
You have supernaturally acute eyesight. (SInv)
Your mind is acute. (Int +2)
You expend magic power (3 MP) to strengthen your wands.


Message History

You thump the hornet!
You kill the hornet!
Makhleb accepts your kill.
You feel your dexterity returning.
You have reached level 8!
You feel agile.
* * * LOW HITPOINT WARNING * * *
You feel sick.
You start resting.
* * * LOW HITPOINT WARNING * * *
You feel sick.
You start resting.
You feel a strong urge to attack something.
* * * LOW HITPOINT WARNING * * *
You feel sick.
You start resting.
You are no longer berserk.
You are exhausted.
You feel as though you will be slow longer.
You die...

########## #.........#
#.........#
#.........#####
#.........'...#
#.........##.##
#.........##@#
#.........##.†....#
#.........##......#
#.........###.....#
###....÷....# .....# .#
.........#### .....##.#
.........# .........
.........##########....
#######...†...# ###...
.


There were no monsters in sight!

Vanquished Creatures
  A hornet (D:6)
  Sigmund (D:4)
  A centaur (D:5)
  2 bullfrogs
  A scorpion (D:5)
  A crimson imp (D:4)
  2 hounds
  2 quasits
  An orc priest (D:3)
  An orc wizard (D:5)
  A centaur skeleton (D:4)
  A worker ant (D:4)
  A hound skeleton (D:4)
  6 gnolls
  6 adders
  An adder zombie (D:5)
  2 oozes (D:3)
  An adder skeleton (D:5)
  4 worms
  4 dart slugs
  A leopard gecko (D:5)
  6 orcs
  8 bats
  4 giant cockroaches
  5 goblins
  8 hobgoblins
  11 jackals
  A quokka (D:2)
  2 frilled lizards
  9 kobolds
  A quokka skeleton (D:4)
  11 rats
107 creatures vanquished.

Notes
Turn   | Place    | Note
-------+----------+-------------------------------------------
     0 | D:1      | Curus the Minotaur Gladiator began the quest for the Orb.
     0 | D:1      | Reached XP level 1. HP: 18/18 MP: 0/0
   127 | D:1      | Reached skill level 4 in Maces & Flails
   256 | D:1      | Reached XP level 2. HP: 25/25 MP: 1/1
   301 | D:1      | Gained mutation: You have supernaturally acute eyesight.
                  | (SInv) [potion of mutation]
   301 | D:1      | Gained mutation: You expend magic power (3 MP) to
                  | strengthen your wands. [potion of mutation]
   301 | D:1      | Gained mutation: Your mind is acute. (Int +2) [potion of
                  | mutation]
   665 | D:1      | Reached skill level 5 in Maces & Flails
   667 | D:1      | Reached XP level 3. HP: 27/30 MP: 2/2
  1042 | D:2      | Found a radiant altar of Vehumet.
  1584 | D:2      | Reached skill level 6 in Maces & Flails
  1584 | D:2      | Reached XP level 4. HP: 30/37 MP: 3/3
  2369 | D:3      | Noticed a bullfrog
  2379 | D:3      | Killed a bullfrog
  2379 | D:3      | Reached skill level 7 in Maces & Flails
  2379 | D:3      | Reached XP level 5. HP: 19/42 MP: 4/4
  2744 | D:3      | Reached skill level 8 in Maces & Flails
  2924 | D:4      | Reached XP level 6. HP: 49/50 MP: 5/5
  2986 | D:4      | Found a glowing silver altar of Zin.
  3050 | D:4      | Found a burning altar of Makhleb.
  3070 | D:4      | Became a worshipper of Makhleb the Destroyer
  3160 | D:4      | Noticed Sigmund
  3167 | D:4      | Killed Sigmund
  3167 | D:4      | Reached skill level 9 in Maces & Flails
  3167 | D:4      | Reached XP level 7. HP: 56/56 MP: 6/6
  3311 | D:4      | Found a hazy altar of Hepliaklqana.
  3368 | D:4      | Found a staircase to the Ecumenical Temple.
  3599 | D:5      | Entered Level 5 of the Dungeon
  3606 | D:5      | Reached skill level 10 in Maces & Flails
  3617 | D:5      | Got a clouded gossamer ring
  3627 | D:5      | Identified the ring of Bogaexkaewi {Str+2 Stlth-} (You
                  | found it on level 5 of the Dungeon)
  3749 | D:5      | Found Gimnu's Jewellery Boutique.
  3768 | D:5      | Bought a cursed ring of attention for 63 gold pieces
  3849 | D:5      | Reached skill level 11 in Maces & Flails
  4195 | D:6      | Reached * piety under Makhleb
  4223 | D:6      | Noticed a hornet
  4233 | D:6      | HP: 2/84 [hornet (10)]
  4234 | D:6      | Killed a hornet
  4234 | D:6      | Reached XP level 8. HP: 3/62 MP: 4/7
  4237 | D:6      | Succumbed to a hornet's poison

Skill      XL: |  1  2  3  4  5  6  7 |
---------------+----------------------+-----
Maces & Flails | 4 5 6 7 8 9 11 | 11.7
Fighting       | |  2.4
Throwing       | |  2.0
Dodging        | |  3.2

Action                   |  1- 3 |  4- 6 |  7- 9 || total
-------------------------+-------+-------+-------++-------
Melee: Flail             |    78 |   102 |    78 ||   258
       Headbutt          |    12 |    19 |    13 ||    44
Throw: Throwing net      |       |       |     1 ||     1
Evoke: Wand              |       |       |     1 ||     1
  Use: Potion            |     3 |     2 |     1 ||     6
       Scroll            |     2 |     4 |     2 ||     8
 Stab: Distracted        |       |     1 |       ||     1
  Eat: Chunk             |     2 |     5 |     4 ||    11
Armor: Leather armour    |     9 |    17 |    14 ||    40
Dodge: Dodged            |    46 |    71 |    60 ||   177
